Map: Dusk Towers

Players

JevynSlayer - Winner!

  • Race: Terran Terran
  • League: Diamond

MorN

  • Race: Protoss Protoss
  • League: Master

VOD

Have the link to the VOD?

Description

Time

  • Played on: Nov. 29, 2015, 10:09 p.m.
  • Length: 11:29
Show
View Real Time Build Order
Export as new Build Order

JevynSlayer Terran - Winner!

Build Orders: MMM Bio 

Get SALT Encoding   

  12  0:01  SCV  
  13  0:13  SCV  
  14  0:18  Supply Depot  
  14  0:25  SCV  
  15  0:40  SCV  
  15  0:42  Barracks  
  16  0:52  SCV, Refinery  
  17  1:04  SCV  
  18  1:16  SCV  
  19  1:31  Orbital Command  
  19  1:38  Command Center  
  19  1:43  Marine  
  20  1:54  Supply Depot  
  20  1:57  Refinery  
  20  1:59  SCV  
  21  2:10  Factory, Marine  
  21  2:13  SCV  
  23  2:26  SCV  
  23  2:28  Marine  
  25  2:38  SCV  
  26  2:47  Marine  
  26  2:50  SCV  
  28  2:52  Orbital Command  
  28  2:56  Factory Reactor  
  28  3:00  Factory Tech Lab  
  28  3:01  Starport  
  28  3:02  SCV  
  29  3:07  Barracks Reactor  
  29  3:14  SCV  
  30  3:20  SCV  
  30  3:23  Siege Tank  
  30  3:26  SCV  
  35  3:28  Supply Depot  
  35  3:32  SCV  
  36  3:38  SCV, Medivac  
  39  3:44  SCV  
  39  3:46  Marine x2  
  42  3:50  SCV  
  43  3:56  SCV  
  45  4:02  SCV  
  45  4:03  Marine  
  45  4:08  SCV  
  45  4:09  Command Center  
  47  4:14  SCV, Medivac  
  50  4:20  SCV  
  50  4:21  Supply Depot  
  50  4:23  Supply Depot  
  51  4:27  SCV  
  52  4:32  SCV  
  52  4:34  Barracks  
  52  4:36  Barracks  
  52  4:38  Barracks Tech Lab  
  53  4:39  SCV  
  53  4:44  SCV  
  54  4:51  SCV  
  55  4:56  SCV  
  56  5:03  SCV  
  56  5:04  Refinery  
  56  5:05  Refinery  
  56  5:06  Engineering Bay  
  57  5:09  SCV, Stimpack  
  57  5:11  Engineering Bay  
  55  5:15  SCV  
  55  5:21  SCV  
  50  5:26  Marine x2  
  50  5:27  SCV  
  47  5:33  SCV  
  43  5:36  Marine x2  
  43  5:37  Medivac  
  43  5:38  Orbital Command  
  43  5:39  SCV  
  45  5:44  Marine x2  
  45  5:45  SCV  
  45  5:51  SCV  
  45  5:54  Marine x2  
  45  6:01  Marine x2  
  45  6:02  SCV  
  45  6:03  SCV  
  45  6:12  Orbital Command  
  45  6:14  SCV  
  45  6:15  SCV  
  47  6:19  Terran Infantry Armor Level 1  
  47  6:24  Barracks Tech Lab  
  47  6:26  SCV  
  47  6:28  SCV  
  47  6:29  Missile Turret  
  49  6:38  SCV  
  50  6:40  SCV  
  50  6:49  Marine x4  
  50  6:50  SCV  
  50  6:51  SCV  
  50  6:52  SCV  
  57  6:55  Starport Reactor  
  57  7:03  SCV  
  57  7:04  SCV x2  
  57  7:06  Marine  
  57  7:07  Marauder, Marine  
  64  7:10  Concussive Shells  
  64  7:15  SCV  
  65  7:16  SCV x2  
  66  7:26  Combat Shields, Marine x3  
  66  7:27  SCV  
  66  7:28  SCV x2  
  72  7:34  Barracks  
  72  7:36  Barracks  
  71  7:39  SCV  
  71  7:40  SCV x2  
  74  7:48  Barracks  
  74  7:49  Medivac x2  
  79  7:51  SCV  
  79  7:52  SCV x2  
  81  8:03  SCV  
  81  8:04  SCV x2  
  83  8:15  SCV  
  83  8:16  SCV x2  
  83  8:18  Marine x4  
  85  8:24  Barracks Tech Lab  
  85  8:25  Barracks Tech Lab, Refinery x2  
  85  8:32  Command Center  
  85  8:36  Supply Depot x2  
  85  8:38  Supply Depot  
  85  8:41  SCV, Supply Depot  
  85  8:47  Marauder x2, SCV x2, Medivac, Siege Tank, Marine  
  84  8:49  Marine  
  84  8:50  Marine  
  84  8:53  SCV  
  85  8:57  Medivac  
  85  8:58  Marauder x2  
  85  8:59  SCV x2  
  93  9:05  SCV, Marine  
  93  9:07  Marine x2  
  93  9:09  Terran Infantry Weapons Level 1, Marauder x2  
  101  9:11  Armory, SCV x2  
  103  9:17  SCV  
  103  9:19  Siege Tank, Marauder x2  
  103  9:22  Marine  
  103  9:23  SCV x2  
  112  9:25  Marine x2  
  112  9:30  Marauder  
  116  9:40  Marine  
  116  9:43  Marine  
  116  9:45  Command Center  
  117  9:46  Marine x2  
  117  9:48  Marauder  
  117  9:49  Marauder  
  116  9:54  Marauder  
  116  9:58  Marine  
  117  10:18  Barracks  
  117  10:21  Supply Depot x2  
  117  10:22  Supply Depot  
  117  10:23  Medivac, Barracks, Marine x2  
  117  10:24  SCV x3, Marauder x4, Siege Tank, Barracks, Marine  
  131  10:36  SCV  
  131  10:41  Marine x3  
  133  10:45  Marauder x2  
  133  10:46  Marauder x2  
  139  10:56  Siege Tank  
  138  10:59  Marine x2  
  138  11:00  Orbital Command  
  140  11:07  Marauder x4  
  140  11:08  Marine  
Show
View Real Time Build Order
Export as new Build Order

MorN Protoss 

Build Orders:  

Get SALT Encoding   

  12  0:01  Probe (Chrono Boost)  
  13  0:11  Probe (Chrono Boost)  
  14  0:24  Pylon  
  15  0:28  Probe (Chrono Boost)  
  15  0:42  Probe (Chrono Boost)  
  16  0:47  Gateway  
  16  0:53  Probe (Chrono Boost)  
  17  1:02  Assimilator  
  17  1:05  Probe (Chrono Boost)  
  18  1:16  Probe (Chrono Boost)  
  19  1:37  Cybernetics Core  
  19  1:45  Probe (Chrono Boost)  
  20  1:48  Nexus  
  20  1:55  Probe (Chrono Boost)  
  21  2:06  Pylon  
  21  2:07  Probe (Chrono Boost)  
  22  2:19  Warp Gate (Chrono Boost)  
  22  2:24  Adept  
  24  2:31  Gateway  
  24  2:33  Gateway  
  24  2:35  Gateway  
  23  2:48  Assimilator  
  23  2:49  Pylon  
  23  3:00  Probe  
  23  3:01  Probe  
  25  3:08  Robotics Facility  
  25  3:13  Probe  
  26  3:23  Probe  
  26  3:25  Probe  
  28  3:40  Probe  
  28  3:41  Probe  
  30  3:49  Pylon  
  30  3:50  Probe  
  30  3:53  Probe  
  32  3:56  Warp Prism (Chrono Boost)  
  32  3:59  Gateway  
  34  4:06  Pylon  
  34  4:13  Adept  
  34  4:14  Adept x2  
  40  4:17  Adept  
  42  4:31  Twilight Council  
  42  4:44  Probe  
  42  4:45  Probe  
  44  4:55  Stalker x2  
  44  4:56  Stalker x2  
  44  4:57  Probe  
  52  5:14  Stalker  
  52  5:18  Stalker  
  54  5:33  Warp Prism  
  54  5:35  Blink (Chrono Boost)  
  56  5:36  Probe  
  56  5:38  Assimilator  
  56  5:42  Assimilator  
  51  6:08  Stalker x3  
  51  6:09  Stalker x2  
  54  6:25  Observer  
  54  6:29  Probe x2  
  54  6:32  Nexus  
  56  6:41  Probe x2, Forge  
  58  6:47  Forge  
  58  6:53  Probe x2  
  60  7:05  Probe  
  51  7:18  Protoss Ground Weapons Level 1  
  51  7:20  Protoss Ground Armor Level 1  
  51  7:26  Stalker x4  
  51  7:27  Stalker  
  59  7:44  Charge (Chrono Boost)  
  59  7:55  Robotics Bay  
  59  7:57  Stalker x2  
  59  7:58  Stalker  
  54  8:20  Probe  
  54  8:22  Probe x2  
  57  8:31  Probe  
  58  8:34  Probe  
  58  8:35  Probe  
  58  8:39  Robotics Bay  
  60  8:41  Probe  
  60  8:47  Probe x2  
  63  8:52  Probe  
  64  8:57  Stalker x4  
  64  8:59  Probe  
  73  9:04  Probe  
  73  9:06  Probe  
  75  9:11  Probe  
  75  9:13  Warp Prism  
  75  9:14  Probe  
  79  9:23  Mothership Core  
  81  9:31  Probe  
  81  9:32  Probe  
  81  9:35  Pylon  
  83  9:39  Pylon  
  83  9:44  Probe  
  66  10:05  Stalker x5  
  72  10:18  Disruptor  
  75  10:31  Stalker x3  
  75  10:32  Stalker x2  
  73  10:55  Stalker x3  
  73  10:56  Stalker x2  
  72  11:19  Stalker x4  
Tags
 
Composition
MMM Bio
Matchup
PvT
Replay Pack
MorN pack 2
Add a new tag
Caveats
  • Supply blocks, unpowered buildings, or Contaminate may cause inaccurate times.
  • Supply counts are checked every 10 seconds.